 Dungeon Crawl Stone Soup version 0.29.1-12-g30fa7ad0bf (webtiles) character file.

Game seed: 7561514479000772973

216 twnfb the Slasher (level 5, -1/67 HPs)
             Began as a Draconian Berserker on Dec 20, 2022.
             Was a Believer of Trog.
             Slain by a killer bee (5 damage)
             ... on level 4 of the Dungeon.
             The game lasted 00:12:53 (3458 turns).

twnfb the Slasher (Draconian Berserker)             Turns: 3458, Time: 00:12:55

Health: -1/67      AC:  5    Str: 21    XL:     5   Next: 61%
Magic:  5/5        EV: 12    Int:  8    God:    Trog [**....]
Gold:   151        SH:  0    Dex: 10    Spells: 4/4 levels left

rFire   . . .      SeeInvis .   j - +1 long sword
rCold   . . .      Faith    .   (no shield)
rNeg    . . .      Spirit   .   (body armour unavailable)
rPois   .          Reflect  .   (helmet restricted)
rElec   .          Harm     .   (no cloak)
rCorr   .          Rampage  .   (no gloves)
Will    .....                   (no boots)
Stlth   ..........              (no amulet)
HPRegen 0.21/turn               (no ring)
MPRegen 0.09/turn               (no ring)

@: berserking, lethally poisoned (-1 -> -21), very quick
A: AC +5, unfitting armour, cold-blooded
a: Renounce Religion, Berserk, Trog's Hand


You were on level 4 of the Dungeon.
You worshipped Trog.
Trog was pleased with you.
You visited 1 branch of the dungeon, and saw 4 of its levels.

You collected 151 gold pieces.

Inventory:

Hand Weapons
 j - a +1 long sword (weapon)
 k - a +3 short sword
Armour
 l - a +0 tower shield
Scrolls
 a - a scroll of identify
 f - a scroll of vulnerability
Potions
 b - a potion of curing
 d - 2 potions of lignification
 e - a potion of might
 h - a potion of attraction
 i - a potion of degeneration


   Skills:
 - Level 3.2 Fighting
 + Level 6.4 Long Blades
 - Level 2.6 Dodging


You had 4 spell levels left.
You didn't know any spells.
Your spell library contained the following spells:

 Spells                   Type           Power      Damage    Failure   Level
 Shock                    Conj/Air       0%         1d3       41%         1
 Swiftness                Air            0%         N/A       78%         3
 Airstrike                Air            0%         2d(0-16)  99%         4


Dungeon Overview and Level Annotations

Branches:
Dungeon (4/15)
 Temple: D:4-7

Altars:


Innate Abilities, Weirdness & Mutations

Your plain brown scales are hard. (AC +5)
You cannot fit into any form of body armour.
You are cold-blooded and may be slowed by cold attacks.


Message History

The killer bee closely misses you. The killer bee completely misses you.
The killer bee stings you but does no damage.
The killer bee misses you. The killer bee barely misses you.
A red film seems to cover your vision as you go berserk!
You feel yourself moving faster!
You feel mighty! The killer bee stings you.
You are poisoned.
The killer bee poisons you! The killer bee closely misses you. x2
You hit the killer bee.
The killer bee is moderately wounded.
You feel sick. The killer bee stings you.
You are more poisoned.
The killer bee poisons you! The killer bee misses you.
The killer bee stings you!
You are more poisoned.
The killer bee poisons you!
You miss the killer bee.
The killer bee is moderately wounded.
You feel very sick. The killer bee stings you. x3
You are lethally poisoned!
The killer bee poisons you! The killer bee barely misses you.
The killer bee stings you.
* * * LOW HITPOINT WARNING * * *
The killer bee stings you but does no damage.
Okay, then.
You slash the killer bee!
You kill the killer bee!
Trog accepts your kill.
* * * LOW HITPOINT WARNING * * *
You feel very sick. The killer bee stings you.
* * * LOW HITPOINT WARNING * * *
The killer bee misses you.
You miss the killer bee.
* * * LOW HITPOINT WARNING * * *
You feel very sick. The killer bee stings you.
* * * LOW HITPOINT WARNING * * *
The killer bee stings you.
You die...

#..............
...####.######.
#.# #.# # #.# #
#.###.####.###.#
)...#........#
#....#..##.#
#.#<#.@y# #
#.##†y# ......#
.#.#...#
#........ .
........ ##
#.#.#.## #.#. .#


You could see 2 killer bees.

Vanquished Creatures
  A scorpion (D:3)
  A killer bee (D:4)
  3 adders
  An ufetubus (D:3)
  3 dart slugs
  5 bats
  3 endoplasms
  3 giant cockroaches
  13 hobgoblins
  4 jackals (D:3)
  5 quokkas
  8 ball pythons
  4 frilled lizards
  3 goblins
  6 kobolds
  5 rats
68 creatures vanquished.

Notes
Turn   | Place    | Note
-------+----------+-------------------------------------------
     0 | D:1      | twnfb the Draconian Berserker began the quest for the Orb.
     0 | D:1      | Reached XP level 1. HP: 19/19 MP: 1/1
   171 | D:1      | Reached XP level 2. HP: 11/26 MP: 2/2
   789 | D:1      | Reached skill level 4 in Long Blades
  1304 | D:2      | Reached XP level 3. HP: 29/31 MP: 3/3
  1732 | D:2      | Found a faded altar of an unknown god.
  2063 | D:2      | Reached ** piety under Trog
  2304 | D:2      | Reached XP level 4. HP: 37/38 MP: 4/4
  2472 | D:3      | Reached skill level 5 in Long Blades
  2649 | D:3      | Noticed a scorpion
  2656 | D:3      | Killed a scorpion
  2657 | D:3      | Reached XP level 5. HP: 45/45 MP: 5/5
  3028 | D:3      | Reached skill level 6 in Long Blades
  3458 | D:4      | Slain by a killer bee

Illustrated notes

Levels and vault maps discovered:
D:1:      evilmike_arrival_rings, layout_basic, nrook_mini_backslash
D:2:      minmay_recursive_quarters, layout_loops_ring,
          nicolae_ecumenical_snake_handling
D:3:      layout_rooms
D:4:      layout_loops_ring, mainiacjoe_overflow_swirl, serial_shops,
          kennysheep_mini

Skill      XL: |  1  2  3  4  5 |
---------------+----------------+-----
Long Blades    | 4 5 6 |  6.4
Fighting       | |  3.2
Dodging        | |  2.6

Action                   |  1- 3 |  4- 6 || total
-------------------------+-------+-------++-------
Melee: Falchion          |   111 |       ||   111
       Tailslap          |    12 |     7 ||    19
       Punch             |     1 |       ||     1
       Long sword        |    28 |    71 ||    99
Invok: Berserk           |     2 |     3 ||     5
  Use: Scroll            |       |    10 ||    10
 Stab: Distracted        |       |     1 ||     1
Armor: Skin              |    59 |    37 ||    96
Dodge: Dodged            |   118 |    79 ||   197
